 Dungeon Crawl Stone Soup version 0.31.0-32-g396128a36d (webtiles) character file.

Game seed: 16936785384692093725

772 GeekHammer the Vexing (level 7, -4/46 HPs)
             Began as an Octopode Enchanter on Apr 13, 2024.
             Was an Initiate of Gozag.
             Slain by a wight
             ... wielding a +0 hand axe
              (11 damage)
             ... on level 6 of the Dungeon.
             The game lasted 00:06:17 (4544 turns).

GeekHammer the Vexing (Octopode Enchanter)          Turns: 4544, Time: 00:06:17

Health: -4/46      AC:  1    Str:  7    XL:     7   Next: 83%
Magic:  10/10      EV: 13    Int: 20    God:    Gozag
Gold:   290        SH:  0    Dex: 18    Spells: 8/10 levels left

rFire   x . .        f - +2 dagger (pain)
rCold   + . .        (no shield)
rNeg    . . .        (helmet restricted)
rPois   .            u - amulet of magic regeneration
rElec   .            D - +6 ring of dexterity
rCorr   .            C - ring of ice
SInv    +            v - ring of see invisible
Will    .....        L - ring of flight
Stlth   ++++         (no ring)
HPRegen 0.27/turn    (no ring)
MPRegen 0.52/turn    (no ring)
                     (no ring)

%: no passive effects
@: flying
A: almost no armour, amphibious, 8 rings, camouflage 1, gelatinous body 1,
(nimble swimmer 1), tentacles
a: Renounce Religion, Potion Petition, Call Merchant, Bribe Branch


You were on level 6 of the Dungeon.
You worshipped Gozag.
Gozag was aware of your devotion.
You visited 1 branch of the dungeon, and saw 6 of its levels.

You collected 378 gold pieces.
You paid 88 gold pieces to Gozag.


Innate Abilities, Weirdness & Mutations

You cannot wear most types of armour.
You are amphibious.
You can wear up to eight rings at the same time.
Your skin changes colour to match your surroundings (Stealth+).
Your rubbery body absorbs attacks. (AC +1, EV +1)
((You are camouflaged when in or above water. (Stealth+)))
You have tentacles for arms and can constrict up to eight enemies at once.


   Skills:
 + Level 3.3 Fighting
 - Level 2.0 Short Blades
 - Level 2.0 Dodging
 - Level 6.0 Stealth
 - Level 2.0 Spellcasting
 - Level 7.0 Hexes
 - Level 0.1 Necromancy
 - Level 2.0 Ice Magic


You had 8 spell levels left.
You knew the following spells:

 Your Spells              Type           Power      Damage    Failure   Level
e - Ensorcelled Hibernat  Hex/Ice        60%        N/A       3%          2

Your spell library contained the following spells:

 Spells                   Type           Power      Damage    Failure   Level
 Confusing Touch          Hex            30%        N/A       2%          3
 Tukima's Dance           Hex            30%        N/A       2%          3
 Dazzling Flash           Conj/Hex       32%        N/A       11%         3
 Sandblast                Erth           4%         2d4       16%         1
 Blink                    Tloc           4%         N/A       24%         2
 Lesser Beckoning         Tloc           4%         N/A       24%         2
 Momentum Strike          Conj/Tloc      4%         3d8       24%         2
 Passwall                 Erth           2%         N/A       43%         3
 Stone Arrow              Conj/Erth      4%         3d7       43%         3
 Brom's Barrelling Bould  Conj/Erth      2%         2d3       83%         4
 Lehudib's Crystal Spear  Conj/Erth      1%         10d2      100%        8
 Animate Armour           Summ/Erth      Unusable   N/A       N/A         4

Inventory:

Hand Weapons
 a - a +1 dagger
 f - a +2 dagger of pain (weapon)
Jewellery
 u - an amulet of magic regeneration (around mantle)
 v - a ring of see invisible (on tentacle)
 C - a ring of ice (right tentacle)
 D - a +6 ring of dexterity (left tentacle)
 L - a ring of flight (on tentacle)
Talismans
 r - a flux talisman
Wands
 s - a wand of digging (1)
Scrolls
 e - 10 scrolls of identify {unknown}
 i - 3 scrolls of revelation {unknown}
 l - a scroll of blinking {unknown}
 m - 2 scrolls of summoning {unknown}
 o - a scroll of fear {unknown}
 t - a scroll of enchant armour {unknown}
Potions
 b - 2 potions of invisibility
 c - 2 potions of heal wounds {unknown}
 d - 2 potions of might {unknown}
 g - 2 potions of degeneration {unknown}
 h - 3 potions of curing {unknown}
 j - a potion of lignification {unknown}
 k - a potion of enlightenment {unknown}
 n - 2 potions of cancellation {unknown}
 p - 2 potions of haste {unknown}
 q - a potion of attraction {unknown}
 w - a potion of mutation {unknown}

Dungeon Overview and Level Annotations

Branches:
Dungeon (6/15)
 Temple: D:4-7

Altars:
Gozag
Qazlal
Uskayaw
Yredelemnul
Zin

#.# #[#
#.#
#######.#
........#
.#......#
#.####.#
# #....#
#@####
#z# ..#
.#!.
..#.. ##
#... ####


You could see a wight.


Message History

You constrict the wight, but do no damage.
The wight hits you with a +0 hand axe!
* * * LOW HITPOINT WARNING * * *
You are too injured to fight recklessly!
You are too injured to fight recklessly!
You are too injured to fight recklessly!
You are too injured to fight recklessly!
You are too injured to fight recklessly!
You are too injured to fight recklessly!
You are too injured to fight recklessly!
You are too injured to fight recklessly!
You are too injured to fight recklessly!
You are too injured to fight recklessly!
You are too injured to fight recklessly!
You are too injured to fight recklessly!
You are too injured to fight recklessly!
You are too injured to fight recklessly!
You are too injured to fight recklessly!
Unknown command.
You hit the wight but do no damage.
The wight is severely damaged.
You constrict the wight, but do no damage.
The wight hits you with a +0 hand axe!
* * * LOW HITPOINT WARNING * * *
You hit the wight but do no damage.
The wight is severely damaged.
You constrict the wight, but do no damage.
The wight hits you with a +0 hand axe!
You die...
Your body crumbles into a pile of gold.

Skill      XL: |  1  2  3  4  5  6  7 |
---------------+----------------------+-----
Fighting       | 1 2 3 |  3.3
Ice Magic      | 1 2 |  2.0
Stealth        | 5 6 |  6.0
Hexes          | 4 5 7 |  7.0
Short Blades   | 2 |  2.0
Dodging        | |  2.0
Spellcasting   | |  2.0
Necromancy     | |  0.1

Action                     |  1- 3 |  4- 6 |  7- 9 || total
---------------------------+-------+-------+-------++-------
  Melee: Dagger            |    86 |   127 |    52 ||   265
         Tentacles         |    11 |    24 |    22 ||    57
         Constrict         |    19 |    28 |    12 ||    59
         Punch             |       |     3 |     2 ||     5
   Cast: Ensorcelled Hiber |       |     2 |     1 ||     3
    Use: Potion            |       |     1 |     1 ||     2
   Stab: Sleeping          |    14 |    33 |     3 ||    50
         Distracted        |       |     1 |     1 ||     2
         Invisible         |       |       |     1 ||     1
 Armour: Skin              |    38 |    81 |    26 ||   145
  Dodge: Dodged            |    47 |   109 |    15 ||   171

Levels and vault maps discovered:
D:1:      roderic_crossed_star, layout_rooms
D:2:      layout_loops_corners, serial_undead, serial_undead_b, serial_undead_f,
          serial_undead_f, serial_undead_e
D:3:      layout_basic, minmay_misc_feat_ornament, goddamned_bats
D:4:      layout_basic, mainiacjoe_overflow_tiny_flanked, minivault_1,
          minmay_goblin_kobold_house
D:5:      layout_basic, pdpol_temple_overflow_zin_treasury_gozag_greed,
          mainiacjoe_overflow_chevrons, mainiacjoe_overflow_alcove_1
D:6:      layout_basic

Notes
Turn   | Place    | Note
-------+----------+-------------------------------------------
     0 | D:1      | GeekHammer the Octopode Enchanter began the quest for the
                  | Orb.
     0 | D:1      | Reached XP level 1. HP: 11/11 MP: 3/3
    31 | D:1      | Reached skill level 1 in Fighting
    68 | D:1      | Reached XP level 2. HP: 17/18 MP: 5/5
   157 | D:1      | Reached skill level 2 in Fighting
   175 | D:1      | HP: 1/19 [giant cockroach (2)]
   180 | D:1      | HP: 1/19 [giant cockroach (1)]
   306 | D:1      | Reached XP level 3. HP: 25/25 MP: 6/6
   556 | D:1      | Learned a level 2 spell: Ensorcelled Hibernation
   813 | D:2      | Reached skill level 3 in Fighting
   825 | D:2      | Reached skill level 1 in Ice Magic
  1064 | D:2      | Reached XP level 4. HP: 31/31 MP: 7/7
  1521 | D:3      | Reached skill level 5 in Stealth
  1521 | D:3      | Reached skill level 2 in Ice Magic
  1521 | D:3      | Reached XP level 5. HP: 36/36 MP: 8/8
  1549 | D:3      | Reached skill level 4 in Hexes
  1908 | D:3      | Reached XP level 6. HP: 38/42 MP: 9/9
  2108 | D:3      | Reached skill level 5 in Hexes
  2761 | D:4      | Found a hide-covered altar of Uskayaw.
  3298 | D:5      | Entered Level 5 of the Dungeon
  3308 | D:5      | Noticed a black bear
  3472 | D:5      | Reached skill level 2 in Short Blades
  3538 | D:5      | Found an opulent altar of Gozag.
  3544 | D:5      | Became a worshipper of Gozag Ym Sagoz the Greedy
  3631 | D:5      | Noticed a black bear
  3639 | D:5      | Killed a black bear
  3640 | D:5      | Reached XP level 7. HP: 46/46 MP: 7/10
  3668 | D:5      | Found a stormy altar of Qazlal.
  3816 | D:5      | Found a basalt altar of Yredelemnul.
  3831 | D:5      | Reached skill level 6 in Stealth
  4012 | D:5      | Reached skill level 6 in Hexes
  4111 | D:5      | Found a glowing silver altar of Zin.
  4397 | D:6      | Reached skill level 7 in Hexes
  4544 | D:6      | Slain by a wight

Vanquished Creatures
  2 black bears (D:5)
  2 wights (D:6)
  A vampire bat (D:3)
  A howler monkey (D:5)
  A hound (D:5)
  An orc priest (D:5)
  An iguana (D:6)
  3 orc wizards
  3 adders
  2 white imps (D:5)
  An adder skeleton (D:2)
  An adder zombie (D:2)
  3 dart slugs
  3 fire bats (D:3)
  12 orcs
  2 spectral bats (D:3)
  18 bats
  4 bat skeletons
  A bat zombie (D:3)
  8 endoplasms
  7 giant cockroaches
  4 goblins
  10 hobgoblins
  13 kobolds
  3 quokkas
  6 ball pythons
  A ball python skeleton (D:2)
  A bat simulacrum (D:3)
  A frilled lizard (D:3)
  A jackal skeleton (D:2)
  A quokka zombie (D:2)
  10 rats
128 creatures vanquished.

Table legend: (Time is in decaauts)
 A = Elapsed time spent in this place.
 B = Non-inter-level travel time spent in this place.
 C = Inter-level travel time spent in this place.
 D = Time resting spent in this place.
 E = Time spent auto-exploring this place.
 F = Levels seen in this place.
 G = Mean time per level.
                   A        B        C        D        E       F      G
               +--------+--------+--------+--------+--------+-----+--------+
         Total |   4524 |   4347 |    177 |    449 |   3056 |   6 |  754.0 |
       Dungeon |   4524 |   4347 |    177 |    449 |   3056 |   6 |  754.0 |
               +--------+--------+--------+--------+--------+-----+--------+

Top non-repeatable levels by time:
     D:3: 1256 daAuts
     D:5: 979 daAuts
     D:2: 855 daAuts
     D:4: 727 daAuts
     D:1: 586 daAuts
     D:6: 117 daAuts

Table legend:
 A = Non-vault XP
 B = Vault XP
 C = Vault XP percentage of total XP
 D = Non-vault monster count
 E = Vault monster count
 F = Vault count percentage of total count
                 A         B        C        D         E       F
            +---------+---------+-------+---------+---------+-------
      Total |     900 |     203 |  18.4 |      97 |      31 |  24.2
            +---------+---------+-------+---------+---------+-------
        D:1 |      46 |       0 |   0.0 |      25 |       0 |   0.0
        D:2 |      41 |      15 |  26.8 |      20 |       6 |  23.1
        D:3 |     125 |     182 |  59.3 |      23 |      20 |  46.5
        D:4 |      22 |       6 |  21.4 |      11 |       5 |  31.2
        D:5 |     481 |       0 |   0.0 |      15 |       0 |   0.0
        D:6 |     185 |       0 |   0.0 |       3 |       0 |   0.0
            +---------+---------+-------+---------+---------+-------
